Map: 2000 Atmospheres LE

Players

Janpol

  • Race: Protoss Protoss
  • League: Diamond
  • Spawn Location: 3:00

Pumba - Winner!

  • Race: Zerg Zerg
  • League: Diamond
  • Spawn Location: 7:00

VOD

Have the link to the VOD?

Description

Time

  • Played on: Aug. 17, 2021, 6:10 p.m.
  • Length: 11:09
Show
View Real Time Build Order
Export as new Build Order

Janpol Protoss 

Build Orders:  

Get SALT Encoding   

  12  0:00  Probe  
  13  0:12  Probe  
  14  0:19  Pylon  
  14  0:24  Probe (Chrono Boost)  
  15  0:38  Gateway, Probe (Chrono Boost)  
  16  0:45  Probe (Chrono Boost)  
  16  0:47  Assimilator  
  17  0:52  Probe  
  18  1:05  Probe  
  19  1:17  Probe  
  20  1:26  Cybernetics Core  
  20  1:27  Zealot (Chrono Boost), Gateway  
  22  1:42  Pylon  
  22  1:58  Nexus  
  22  2:03  Adept  
  22  2:08  Probe  
  25  2:14  Warp Gate  
  25  2:23  Probe  
  25  2:28  Adept  
  28  2:35  Probe  
  29  2:40  Assimilator  
  29  2:43  Pylon  
  28  2:47  Probe  
  29  2:59  Probe  
  29  3:03  Pylon  
  30  3:10  Robotics Facility  
  30  3:11  Probe (Chrono Boost)  
  30  3:12  Probe (Chrono Boost)  
  33  3:21  Probe (Chrono Boost)  
  33  3:25  Twilight Council, Probe (Chrono Boost)  
  33  3:33  Gateway  
  34  3:36  Gateway, Probe  
  34  3:40  Probe  
  36  3:48  Probe  
  37  3:57  Probe  
  37  4:00  Probe  
  39  4:09  Probe  
  40  4:12  Charge (Chrono Boost), Probe  
  39  4:20  Warp Prism  
  39  4:31  Gateway  
  39  4:33  Gateway  
  39  4:38  Pylon  
  39  4:41  Pylon  
  39  4:42  Zealot x2  
  43  4:46  Gateway  
  43  4:48  Stalker  
  43  4:49  Gateway  
  45  4:57  Zealot  
  47  5:25  Zealot x4  
  47  5:26  Zealot  
  57  5:43  Zealot x2  
  59  5:50  Adept  
  59  5:51  Stalker x2  
  57  6:09  Zealot x5  
  67  6:30  Zealot x3  
  63  6:41  Pylon x2  
  63  6:45  Pylon  
  63  6:47  Dark Shrine  
  45  6:48  Zealot x5  
  45  6:53  Immortal (Chrono Boost)  
  59  7:01  Zealot x3  
  65  7:07  Pylon  
  65  7:09  Pylon  
  65  7:22  Zealot x8  
  81  7:28  Immortal (Chrono Boost)  
  85  7:59  Shield Battery  
  85  8:05  Immortal (Chrono Boost)  
  89  8:17  Dark Templar x2  
  65  8:56  Zealot x6  
  57  9:06  Stargate  
  53  9:10  Assimilator  
  53  9:12  Assimilator  
  45  9:27  Forge  
  45  9:30  Stargate  
  45  9:39  Stalker  
  47  9:50  Stalker x4  
  45  10:06  Zealot x4  
Show
View Real Time Build Order
Export as new Build Order

Pumba Zerg - Winner!

Build Orders: Pool First 

Get SALT Encoding   

  12  0:00  Drone  
  13  0:12  Overlord  
  13  0:16  Drone  
  14  0:31  Drone x2  
  16  0:35  Drone  
  17  0:44  Spawning Pool  
  17  0:47  Drone  
  17  1:02  Drone  
  18  1:12  Drone  
  18  1:16  Hatchery  
  18  1:22  Extractor  
  17  1:29  Drone  
  17  1:31  Queen  
  17  1:32  Drone  
  21  1:39  Overlord  
  21  1:52  Zergling x2  
  22  2:04  Drone  
  22  2:06  Queen  
  25  2:26  Metabolic Boost, Drone x2  
  25  2:29  Drone  
  28  2:42  Drone x4  
  32  2:48  Queen  
  32  2:51  Overlord  
  34  2:53  Drone  
  34  2:54  Drone  
  36  3:02  Hatchery  
  35  3:12  Overlord  
  35  3:20  Drone x2  
  35  3:21  Drone x6  
  43  3:27  Drone  
  43  3:31  Overlord  
  43  3:32  Overlord  
  44  3:43  Overlord  
  44  3:50  Drone x5  
  44  3:51  Drone  
  44  3:52  Drone x2  
  44  3:53  Queen  
  54  3:57  Zergling x2  
  55  4:09  Zergling x4  
  54  4:23  Roach Warren  
  53  4:24  Extractor  
  53  4:27  Drone x3  
  53  4:28  Extractor x2  
  53  4:31  Lair  
  53  4:32  Drone x5  
  58  4:43  Drone  
  59  4:52  Overlord  
  59  4:53  Overlord  
  59  4:54  Drone x2  
  61  5:02  Overlord x3  
  61  5:06  Roach x6  
  73  5:15  Roach x3  
  73  5:19  Overlord  
  79  5:23  Spine Crawler  
  79  5:24  Roach x2  
  82  5:34  Roach x5  
  92  5:38  Roach x2  
  95  5:43  Roach x2  
  95  5:49  Overlord  
  98  5:50  Roach  
  99  6:12  Hatchery  
  99  6:15  Glial Reconstitution, Roach x5  
  108  6:21  Evolution Chamber  
  108  6:24  Evolution Chamber  
  106  6:29  Roach x4  
  114  6:42  Hatchery  
  112  6:49  Drone x2  
  112  6:52  Overseer  
  114  6:59  Zerg Ground Armor Level 1, Zerg Missile Weapons Level 1  
  114  7:01  Drone x2  
  116  7:02  Drone  
  117  7:09  Roach x3  
  117  7:13  Hydralisk Den  
  122  7:23  Overlord x4  
  122  7:24  Overlord x2  
  122  7:39  Overlord x3  
  122  7:40  Overlord x2  
  122  8:07  Grooved Spines, Extractor  
  122  8:09  Roach x10  
  141  8:13  Drone  
  142  8:30  Roach x6  
  154  8:36  Overseer  
  154  8:38  Spore Crawler  
  153  8:44  Spore Crawler  
  138  9:04  Roach x8  
  154  9:20  Drone x7  
  161  9:52  Roach x10, Extractor  
  179  9:53  Hatchery  
  179  9:57  Extractor  
Tags
 
Add a new tag
Caveats
  • Supply blocks, unpowered buildings, or Contaminate may cause inaccurate times.
  • Supply counts are checked every 10 seconds.